 Dungeon Crawl Stone Soup version 0.30-a0-591-g3c58d2bc28 (webtiles) character file.

Game seed: 6646246708026271285

27462 wormed the Transmogrifier (level 13, -2/108 HPs)
             Began as an Octopode Transmuter on Jan 6, 2023.
             Was an Initiate of Gozag.
             Slain by a black mamba (14 damage)
             ... on level 4 of the Lair of Beasts.
             The game lasted 00:41:47 (17848 turns).

wormed the Transmogrifier (Octopode Transmuter)    Turns: 17848, Time: 00:41:48

Health: -2/108     AC: 10    Str: 11    XL:     13   Next: 32%
Magic:  19/22      EV: 17    Int: 23    God:    Gozag
Gold:   659        SH:  0    Dex: 10    Spells: 21/28 levels left

rFire   + . .      SeeInvis +      - Unarmed
rCold   + + +      Faith    .    (shield currently unavailable)
rNeg    . . .      Spirit   .    (helmet currently unavailable)
rPois   +          Reflect  .    d - amulet of regeneration
rElec   .          Harm     .    i - ring of protection from fire
rCorr   .          Rampage  .    t - ring of wizardry
Will    .....                    x - ring "Xoceoted" {rF+ Int+4}
Stlth   +                        B - ring of Kovvag {EV+5 SInv}
HPRegen 1.18/turn                (no ring)
MPRegen 0.18/turn                (no ring)
                                 (no ring)
                                 (no ring)

@: ice-form, wereblooded, hasted, very quick
A: freezing attack, boosted hp, almost no armour, amphibious, 8 rings, large,
(camouflage 1), (gelatinous body 1), (nimble swimmer 1), (tentacles), clumsy 1,
low MP 1
a: End Transformation, Renounce Religion, Potion Petition, Call Merchant, Bribe
Branch


You were on level 4 of the Lair of Beasts.
You worshipped Gozag.
Gozag was pleased with you.
You were a creature of crystalline ice.
You visited 3 branches of the dungeon, and saw 17 of its levels.

You collected 3427 gold pieces.
You spent 1811 gold pieces at shops.
You paid 957 gold pieces to Gozag.

Inventory:

Missiles
 e - 35 poisoned darts
 o - 2 atropa-tipped darts
Jewellery
 d - an amulet of regeneration (around neck)
 i - a ring of protection from fire (left front paw)
 t - a ring of wizardry (right front paw)
 x - the ring "Xoceoted" (on tentacle) {rF+ Int+4}
   (You bought it in a shop on level 6 of the Dungeon)

   [ring of protection from fire]

   Int:       It affects your intelligence (+4).
   rF:        It protects you from fire.
 B - the ring of Kovvag (on tentacle) {EV+5 SInv}
   (You bought it in a shop on level 7 of the Dungeon)

   [ring of evasion]

   EV:        It affects your evasion (+5).
   SInv:      It lets you see invisible.
Wands
 c - a wand of roots (4)
 m - a wand of flame (21) (quivered)
 q - a wand of digging (15)
 v - a wand of charming (8)
 y - a wand of acid (7)
Scrolls
 b - 2 scrolls of immolation
 j - a scroll of fog
 k - 4 scrolls of enchant armour
 l - 3 scrolls of poison
 n - 4 scrolls of amnesia
 u - 4 scrolls of teleportation
Potions
 a - a potion of resistance
 f - a potion of magic
 g - 3 potions of invisibility
 h - a potion of haste
 p - a potion of cancellation
 r - 4 potions of lignification
 s - a potion of flight
 w - a potion of ambrosia
 z - a potion of berserk rage
 A - 3 potions of attraction


   Skills:
 - Level 8.9 Fighting
 - Level 9.2 Dodging
 - Level 9.3 Unarmed Combat
 - Level 8.0 Spellcasting
 - Level 12.0 Transmutations
 - Level 5.0 Ice Magic
 + Level 6.1 Air Magic


You had 21 spell levels left.
You knew the following spells:

 Your Spells              Type           Power      Damage    Failure   Level
a - Ice Form              Ice/Tmut       48%        N/A       1%          4
b - Wereblood             Tmut           59%        N/A       1%          2
z - Beastly Appendage     Tmut           100%       N/A       1%          1

Your spell library contained the following spells:

 Spells                   Type           Power      Damage    Failure   Level
 Ensorcelled Hibernation  Hex/Ice        40%        N/A       1%          2
 Passwall                 Tmut/Erth      30%        N/A       1%          2
 Static Discharge         Conj/Air       46%        2-4/arc   1%          2
 Spider Form              Tmut/Pois      36%        N/A       1%          3
 Swiftness                Air            37%        N/A       1%          3
 Vhi's Electric Charge    Tloc/Air       46%        N/A       2%          3
 Arcjolt                  Conj/Air       11%        1d21      22%         5
 Lightning Bolt           Conj/Air       11%        1d24      22%         5


Dungeon Overview and Level Annotations

Branches:
Dungeon (11/15)            Temple (1/1) D:5            Lair (5/5) D:8
  Swamp (0/4) Lair:3        Snake (0/4) Lair:2          Orc (0/2) D:10
  Slime: Lair:4-5

Altars:
Ashenzari
Cheibriados
Dithmenos
Elyvilon
Fedhas
Gozag
Hepliaklqana
Kikubaaqudgha
Makhleb
Nemelex Xobeh
Okawaru
Qazlal
Ru
Sif Muna
Trog
Uskayaw
Vehumet
Wu Jian
Xom
Yredelemnul
Zin
The Shining One

Shops:
D:2 :   D:6 =   D:7 =   D:10 *   Lair:1 =

Annotations:
D:11 Gastronok
Lair:3 Amaemon, Nessos


Innate Abilities, Weirdness & Mutations

You are a creature of crystalline ice.
You have a powerful freezing melee attack.
Your maximum health is increased.
Your armour is entirely melded.
You are incapable of wielding weapons or throwing items.
You cannot wear most types of armour.
You are amphibious.
You can wear up to eight rings at the same time.
((Your skin changes colour to match your surroundings (Stealth+).))
((Your rubbery body absorbs attacks. (AC +1, EV +1)))
((You are camouflaged when in or above water. (Stealth+)))
((You have tentacles for arms and can constrict up to eight enemies at once.))
You are clumsy. (Dex -2)
Your magical capacity is low. (-10% MP)


Message History

The black mamba attacks as you move away!
The black mamba bites you. The elephant misses you. x2
The elephant completely misses you. The elephant barely misses you.
The polar bear closely misses you. The polar bear barely misses you.
The polar bear claws you.
The black mamba attacks as you move away!
The black mamba barely misses you. The black mamba misses you.
The elephant tramples you but does no damage.
The elephant completely misses you. The elephant attacks as you move away!
The elephant tramples you!
The elephant trunk-slaps you but does no damage.
The black mamba bites you! The elephant attacks as you move away!
The elephant barely misses you. The elephant closely misses you.
The polar bear attacks as you move away!
The polar bear barely misses you. The polar bear misses you.
The polar bear barely misses you. The black mamba barely misses you.
There is a stone staircase leading up, spattered with blood here.
The black mamba bites you! x2
* * * LOW HITPOINT WARNING * * *
The elephant closely misses you.
The elephant trunk-slaps you but does no damage.
The elephant closely misses you.
The elephant trunk-slaps you but does no damage.
The polar bear barely misses you. The polar bear closely misses you.
The polar bear misses you.
You climb upwards.
There is a stone staircase leading down here.
You feel yourself speed up. The black mamba misses you.
The polar bear closely misses you. The polar bear claws you.
* * * LOW HITPOINT WARNING * * *
The polar bear completely misses you. The elephant misses you.
The elephant closely misses you. The elephant tramples you!
* * * LOW HITPOINT WARNING * * *
You hold your ground!
The elephant closely misses you. The black mamba bites you.
* * * LOW HITPOINT WARNING * * *
The black mamba bites you!
You die...
Your body crumbles into a pile of gold.

...#..#.#.......###
#...........
..............#..#
##...........
.##.##........####
#............
..#######.##..#.#
##............ ...#
#####..## #.......<.....
..## ##.### #.............
### #...###.............
##...................
#...YSh..............
##.....Y..............
####...#..Y..............
#.#...###................
##....####...............
##......###.P............#
#.........####...........#
##.........##
##........###
##..........P# ##.....(.#


You could see 2 elephants, a polar bear and a black mamba.

Vanquished Creatures
  2 hydras
  Erica (D:8)
  2 two-headed ogres
  A boulder beetle (Lair:2)
  A deep elf pyromancer (D:11)
  An ugly thing (D:11)
  A cyclops (D:8)
  6 elephants (Lair:1)
  Maurice (D:8)
  A black mamba (Lair:4)
  5 cane toads
  An orange demon (Lair:3)
  A gargoyle (D:7)
  Maggie (Lair:2)
  An unseen horror (D:10)
  5 komodo dragons
  A tyrant leech (Lair:3)
  2 trolls
  11 blink frogs (Lair:2)
  6 wyverns
  A wraith (D:10)
  2 vampire mosquitoes (D:11)
  4 basilisks
  24 yaks
  Grum (D:9)
  3 nagas (Lair:2)
  7 water moccasins
  An acid dragon (D:8)
  6 black bears
  4 ice beasts
  3 sky beasts (D:7)
  8 orc warriors
  19 wolves
  2 ogres
  5 centaurs
  A phantom (D:7)
  2 kobold brigands
  9 bullfrogs
  2 gnoll sergeants
  A necrophage (D:7)
  3 scorpions
  6 killer bees (D:7)
  2 howler monkeys
  8 hounds
  7 orc priests
  A jelly (D:6)
  A gnoll bouda (D:6)
  Jessica (D:3)
  Terence (D:2)
  5 iguanas
  13 orc wizards
  18 gnolls
  7 adders
  2 shadow imps (D:5)
  2 white imps (D:6)
  3 worms (D:3)
  2 dart slugs
  72 orcs
  8 endoplasms
  A giant cockroach (D:2)
  7 hobgoblins
  13 kobolds
  3 quokkas
  8 ball pythons
  3 bats
  4 goblins
  11 rats
368 creatures vanquished.

Vanquished Creatures (collateral kills)
  An orc (D:8)
1 creature vanquished.

Vanquished Creatures (others)
  17 fungi
  18 plants
35 creatures vanquished.

Grand Total: 404 creatures vanquished

Notes
Turn   | Place    | Note
-------+----------+-------------------------------------------
     0 | D:1      | wormed the Octopode Transmuter began the quest for the Orb.
     0 | D:1      | Reached XP level 1. HP: 13/13 MP: 3/3
    74 | D:1      | Reached XP level 2. HP: 4/18 MP: 3/5
   672 | D:1      | Learned a level 2 spell: Wereblood
   695 | D:2      | Reached XP level 3. HP: 23/23 MP: 4/6
  1041 | D:2      | Reached XP level 4. HP: 20/28 MP: 7/7
  1093 | D:2      | Noticed Terence
  1104 | D:2      | Killed Terence
  1105 | D:2      | Reached skill level 3 in Transmutations
  1105 | D:2      | Reached skill level 1 in Ice Magic
  1440 | D:2      | Found a faded altar of an unknown god.
  1623 | D:2      | Found Echez's Vocational Training.
  1956 | D:3      | Reached XP level 5. HP: 17/34 MP: 5/8
  2534 | D:3      | Noticed Jessica
  2540 | D:3      | Killed Jessica
  3210 | D:4      | Reached XP level 6. HP: 15/39 MP: 5/10
  3292 | D:4      | Learned a level 4 spell: Ice Form
  3977 | D:4      | Reached skill level 4 in Transmutations
  4342 | D:4      | Gained mutation: You sometimes lose your temper in combat.
                  | [mutagenic glow]
  4998 | D:4      | Reached XP level 7. HP: 29/45 MP: 7/11
  5082 | D:5      | Entered Level 5 of the Dungeon
  5367 | D:5      | Found a sparkling altar of Nemelex Xobeh.
  5632 | D:5      | Reached skill level 5 in Transmutations
  5637 | D:5      | Reached XP level 8. HP: 26/52 MP: 9/13
  5902 | D:5      | Found a staircase to the Ecumenical Temple.
  5918 | Temple   | Entered the Ecumenical Temple
  6020 | Temple   | Became a worshipper of Gozag Ym Sagoz the Greedy
  6301 | D:6      | Found a stormy altar of Qazlal.
  6463 | D:6      | Found a shadowy altar of Dithmenos.
  7092 | D:6      | Found a hide-covered altar of Uskayaw.
  7140 | D:6      | Reached skill level 6 in Transmutations
  7399 | D:6      | Reached skill level 5 in Unarmed Combat
  7442 | D:6      | Found Buelaung's Jewellery Shoppe.
  7587 | D:7      | Found Kiovea Tyixi's Jewellery Shop.
  7640 | D:7      | Reached XP level 9. HP: 58/58 MP: 11/15
  7689 | D:7      | Noticed a gargoyle
  7699 | D:7      | Killed a gargoyle
  8325 | D:7      | Reached skill level 5 in Dodging
  8356 | D:7      | Reached skill level 7 in Transmutations
  8806 | D:7      | Found a glowing golden altar of the Shining One.
  8819 | D:7      | Reached skill level 5 in Fighting
  8957 | D:7      | Reached skill level 5 in Spellcasting
  9133 | D:6      | Bought an amulet of regeneration for 450 gold pieces
  9173 | D:8      | Found a broken altar of Ashenzari.
  9190 | D:8      | Found the +4 robe of Augmentation {Str+4 Int+4 Dex+4}
  9253 | D:8      | Reached XP level 10. HP: 66/66 MP: 17/17
  9254 | D:8      | Noticed Erica
  9294 | D:8      | Reached skill level 5 in Ice Magic
  9332 | D:8      | Noticed Maurice
  9367 | D:8      | Killed Maurice
  9368 | D:8      | Reached skill level 8 in Transmutations
  9402 | D:8      | Found an ornate altar of the Wu Jian Council.
  9479 | D:8      | Killed Erica
  9767 | D:8      | Found a staircase to the Lair.
  9832 | D:8      | Noticed a cyclops
  9839 | D:9      | Noticed Grum
  9855 | D:9      | Found an iron altar of Okawaru.
 10007 | D:8      | Found a radiant altar of Vehumet.
 10417 | D:9      | Reached skill level 9 in Transmutations
 10510 | D:9      | Killed Grum
 10568 | D:8      | Killed a cyclops
 10692 | D:9      | Reached XP level 11. HP: 74/74 MP: 14/20
 10825 | D:9      | Found a hazy altar of Hepliaklqana.
 10826 | D:9      | Found a shimmering altar of Xom.
 10826 | D:9      | Noticed a tentacled monstrosity
 10827 | D:9      | Noticed a tentacled monstrosity
 11059 | D:9      | Noticed a two-headed ogre
 11072 | D:9      | Killed a two-headed ogre
 11495 | D:6      | Bought the ring "Xoceoted" {rF+ Int+4} for 606 gold pieces
 11547 | D:10     | Entered Level 10 of the Dungeon
 11717 | D:10     | Noticed a two-headed ogre
 11911 | D:10     | Killed a two-headed ogre
 11912 | D:10     | Reached skill level 10 in Transmutations
 12082 | D:10     | Found a staircase to the Orcish Mines.
 12243 | D:10     | Found Mokuigim's General Store.
 12387 | D:11     | Noticed a deep elf pyromancer
 12489 | D:11     | Noticed a white ugly thing
 12508 | D:11     | Killed a white ugly thing
 12598 | Lair:1   | Entered Level 1 of the Lair of Beasts
 12817 | D:11     | Killed a deep elf pyromancer
 13371 | D:11     | Reached XP level 12. HP: 40/81 MP: 17/22
 13502 | D:11     | Noticed Gastronok
 13599 | D:7      | Bought the ring of Kovvag {EV+5 SInv} for 755 gold pieces
 13673 | Lair:1   | Reached skill level 11 in Transmutations
 14623 | Lair:1   | Lost mutation: You sometimes lose your temper in combat.
                  | [potion of mutation]
 14623 | Lair:1   | Gained mutation: Your magical capacity is low. (-10% MP)
                  | [potion of mutation]
 14623 | Lair:1   | Gained mutation: You are clumsy. (Dex -2) [potion of
                  | mutation]
 14720 | Lair:2   | Noticed a five-headed hydra
 14740 | Lair:2   | Killed a five-headed hydra
 14972 | Lair:2   | Found a staircase to the Snake Pit.
 15080 | Lair:2   | Noticed Maggie
 15167 | Lair:2   | Killed Maggie
 15181 | Lair:2   | Reached skill level 12 in Transmutations
 15365 | Lair:2   | Noticed a boulder beetle
 15570 | Lair:2   | Reached XP level 13. HP: 90/90 MP: 18/22
 15696 | Lair:2   | Reached skill level 1 in Air Magic
 16242 | Lair:3   | Found a staircase to the Swamp.
 16479 | Lair:3   | Noticed Nessos
 16588 | Lair:3   | HP: 5/108 [Nessos/arrow (3)]
 16590 | Lair:3   | HP: 1/108 [Nessos/arrow (2)]
 16739 | Lair:3   | Noticed Amaemon
 16991 | Lair:4   | Reached skill level 5 in Air Magic
 17824 | Lair:5   | Entered Level 5 of the Lair of Beasts
 17848 | Lair:4   | Slain by a black mamba

Illustrated notes

Levels and vault maps discovered:
D:1:      minmay_arrival_nine_rooms, layout_basic
D:2:      layout_loops_ring, shapermc_ecumenical_altar_mp_highgroup,
          kennysheep_cluttered_room, chequers_arboretum,
          nicolae_shop_vocational, uniq_terence
D:3:      layout_loops_cross, uniq_jessica
D:4:      minmay_angry_zag, layout_basic
D:5:      layout_rooms, lemuel_tele_altar, minmay_temple_entry_offerings
D:6:      layout_loops_ring, overflow_temple_1_default,
          grunt_dithmenos_smoke_and_mirrors, nicolae_qazlal_general_emergency,
          serial_shops, nicolae_lakefront_shop
D:7:      minmay_general_purpose_star, layout_rooms, lemuel_doored_altar,
          serial_shops, nicolae_shop_crystal
D:8:      layout_rooms, mainiacjoe_overflow_chevrons,
          ashenzari_conservatory_becter, nicolae_wu_jian_immortal_techniques,
          grunt_lair_entry_orc_guard_hut,
          nicolae_concentric_dashed_squares_mild, uniq_maurice, uniq_erica
D:9:      layout_rooms, nicolae_overflow_hidden_temple,
          regret_index_temple_of_mockery, special_room [special_room_orc],
          uniq_grum
D:10:     layout_rooms, david_orc_2, serial_shops, nicolae_shop_waterfront
D:11:     layout_irregular_city, uniq_gastronok
Temple:   jpeg_temple_clearing
Lair:1:   layout_chaotic_city
Lair:2:   layout_roguey, guppyfry_snake_entry_island, beast_lair_carwin_6,
          grunt_megastairs_4, uniq_maggie
Lair:3:   layout_regular_city, minmay_swamp_entry_worms, uniq_nessos,
          uniq_amaemon
Lair:4:   layout_cave_pods, pdpol_lair_neglected_garden
Lair:5:   grunt_lair_end_beastmaster, layout_regular_city, slime_entry_1,
          lemuel_fruit_tree

Skill      XL: |  1  2  3  4  5  6  7  8  9 10 11 12 13 |
---------------+----------------------------------------+-----
Transmutations | 3 4 5 6 7 9 10 12 | 12.0
Ice Magic      | 1 2 3 4 5 |  5.0
Fighting       | 2 3 4 5 6 7 8 |  8.9
Dodging        | 3 4 5 6 7 9 |  9.2
Spellcasting   | 3 4 5 6 7 8 |  8.0
Unarmed Combat | 4 5 6 7 8 9 |  9.3
Air Magic      | 6 |  6.1

Action                   |  1- 3 |  4- 6 |  7- 9 | 10-12 | 13-15 || total
-------------------------+-------+-------+-------+-------+-------++-------
Melee: Unarmed           |    68 |   116 |   249 |   597 |   123 ||  1153
       Constrict         |    17 |    30 |     1 |     1 |       ||    49
       Tentacles         |    14 |    21 |       |     1 |       ||    36
       Kick              |    13 |    24 |       |       |       ||    37
       Punch             |     1 |     4 |       |       |       ||     5
 Cast: Beastly Appendage |    17 |    26 |       |       |       ||    43
       Wereblood         |     5 |    26 |    16 |    60 |    17 ||   124
       Ice Form          |       |     8 |    38 |    60 |    17 ||   123
Invok: Call Merchant     |       |       |       |     1 |       ||     1
       Potion Petition   |       |       |       |       |     1 ||     1
Evoke: Wand              |       |       |     3 |    14 |       ||    17
  Use: Potion            |     5 |       |     7 |     7 |     7 ||    26
       Scroll            |       |     4 |     9 |     8 |     6 ||    27
 Stab: Sleeping          |     4 |     3 |       |       |       ||     7
       Distracted        |       |       |     1 |     4 |     1 ||     6
Armor: Skin              |    17 |    16 |    83 |   174 |    34 ||   324
Dodge: Dodged            |    35 |    51 |   152 |   386 |   130 ||   754

Table legend: (Time is in decaauts)
 A = Elapsed time spent in this place.
 B = Non-inter-level travel time spent in this place.
 C = Inter-level travel time spent in this place.
 D = Time resting spent in this place.
 E = Time spent auto-exploring this place.
 F = Levels seen in this place.
 G = Mean time per level.
                   A        B        C        D        E       F      G
               +--------+--------+--------+--------+--------+-----+--------+
         Total |  17876 |  16972 |    904 |    899 |  12326 |  17 | 1051.5 |
       Dungeon |  13656 |  12832 |    824 |    894 |   9166 |  11 | 1241.5 |
        Temple |    113 |     81 |     32 |      0 |     67 |   1 |  113.0 |
          Lair |   4106 |   4058 |     48 |      4 |   3093 |   5 |  821.2 |
               +--------+--------+--------+--------+--------+-----+--------+

Top non-repeatable levels by time:
     D:4: 1938 daAuts
     D:6: 1791 daAuts
     D:8: 1518 daAuts
     D:7: 1515 daAuts
  Lair:2: 1469 daAuts
     D:3: 1454 daAuts
     D:9: 1104 daAuts
     D:2: 1096 daAuts
  Lair:4: 1075 daAuts
  Lair:1: 998 daAuts
    D:10: 909 daAuts
    D:11: 877 daAuts
     D:5: 764 daAuts
     D:1: 684 daAuts
  Lair:3: 543 daAuts
